 Dungeon Crawl Stone Soup version 0.22.1-2-g9c5b331383 (webtiles) character file.

610 Peloso the Slasher (level 7, 0/60 HPs)
             Began as a Minotaur Fighter on Dec 12, 2018.
             Killed by divine providence
             ... invoked by an orc priest
              (11 damage)
             ... on level 5 of the Dungeon.
             The game lasted 00:08:40 (3552 turns).

Peloso the Slasher (Minotaur Fighter)               Turns: 3552, Time: 00:08:41

Health: 0/60       AC: 14    Str: 21    XL:     7   Next: 20%
Magic:  15/15      EV:  7    Int:  8    God:
Gold:   130        SH:  8    Dex: 11    Spells: 6/6 levels left

rFire    . . .     SeeInvis .   a - +0 long sword
rCold    . . .     Gourm    .   B - +3 buckler "Celied" {MR+ rCorr MP+9}
rNeg     . . .     Faith    .   z - +1 plate armour
rPois    .         Spirit   .   (helmet restricted)
rElec    .         Reflect  .   (no cloak)
rCorr    +         Harm     .   m - +0 pair of gloves
MR       +....                  (no boots)
Stlth    ..........             (no amulet)
HPRegen  0.20/turn              o - +3 ring of intelligence
MPRegen  0.14/turn              t - ring of resist corrosion (curse)

@: no status effects
A: retaliatory headbutt, horns 2
a: no special abilities


You were on level 5 of the Dungeon.
You were not hungry.

You visited 1 branch of the dungeon, and saw 5 of its levels.

You collected 329 gold pieces.
You spent 199 gold pieces at shops.

Inventory:

Hand Weapons
 a - a +0 long sword (weapon)
Armour
 b - a +0 scale mail
 c - a +0 shield
 m - a +0 pair of gloves (worn)
 z - a +1 plate armour (worn)
 B - the +3 buckler "Celied" (worn) {MR+ rCorr MP+9}
   (You bought it in a shop on level 4 of the Dungeon)

   It affects your resistance to hostile enchantments.
   It affects your magic capacity (+9).
   It provides partial protection from all sources of acid and corrosion.
Jewellery
 o - a +3 ring of intelligence (left hand)
 t - a cursed ring of resist corrosion (right hand)
Wands
 v - a wand of random effects (28)
 y - a wand of digging (16)
Scrolls
 g - 2 scrolls of teleportation
 h - a scroll of identify
 i - 2 scrolls of enchant armour
 j - 2 scrolls of random uselessness {unknown}
 l - 2 scrolls of magic mapping {unknown}
 q - a scroll of immolation {unknown}
 w - a scroll of noise {unknown}
 x - a scroll of enchant weapon {unknown}
Potions
 d - 4 potions of might
 e - a potion of magic
 k - 2 potions of curing
 p - 2 potions of haste
 s - a potion of agility {unknown}
 u - a potion of resistance {unknown}
Comestibles
 f - 9 rations
 n - 4 chunks of flesh


   Skills:
 + Level 4.7 Fighting
 + Level 6.1 Long Blades
 + Level 5.5 Armour
 + Level 1.9 Dodging
 + Level 5.8 Shields


You had 6 spell levels left.
You didn't know any spells.
Your spell library was empty.

Dungeon Overview and Level Annotations

Branches:
Dungeon (5/15)
 Temple: D:4-7

Altars:
Hepliaklqana
Nemelex Xobeh
Vehumet
Xom
Zin

Shops:
D:4 [


Innate Abilities, Weirdness & Mutations

You reflexively headbutt those who attack you in melee.
You have a pair of horns on your head.


Message History

The orc priest hits you but does no damage.
You block the orc's attack. You block the orc wizard's attack.
Unknown command.
You closely miss the orc priest.
The orc priest calls down the wrath of Beogh upon you.
Beogh smites you!
* * * LOW HITPOINT WARNING * * *
The orc hits you with a club.
* * * LOW HITPOINT WARNING * * *
You block the orc wizard's attack.
You barely miss the orc priest. You block the orc priest's attack.
You block the orc's attack. The orc hits you but does no damage.
The orc barely misses you.
You riposte.
You barely miss the orc. The orc wizard completely misses you.
Unknown command.
You slash the orc priest! Your headbutt misses the orc priest.
The orc priest is almost dead.
The orc priest invokes the aid of Beogh against you.
Beogh smites you!
You die...

##### ..#..#.
#.#..###.......
#............##
#..............
#.>.............
...............# ...
#..ooo..##).# +....#.
#..o@o..##..###......
#.......##......#....
####.#### #.....#..## ##
#...#####.......... ...
#...##.........#.## ....
#†..##............#
.....###...##......†.....#
#...........#...##.##.#
...###.###........##.#


You could see an orc priest, an orc wizard and 3 orcs.

Vanquished Creatures
  An ogre (D:5)
  A howler monkey (D:4)
  A crimson imp (D:5)
  2 orc wizards (D:4)
  Terence (D:3)
  Ijyb (D:3)
  Natasha (thrice) (D:3)
  4 worker ants (D:5)
  5 gnolls
  4 adders
  4 dart slugs
  2 leopard geckos
  8 orcs
  4 giant cockroaches
  8 hobgoblins
  7 jackals (D:2)
  2 quokkas
  3 ball pythons
  10 bats
  2 frilled lizards
  6 goblins
  5 kobolds
  6 rats
90 creatures vanquished.

Notes
Turn   | Place    | Note
-------+----------+-------------------------------------------
     0 | D:1      | Peloso the Minotaur Fighter began the quest for the Orb.
     0 | D:1      | Reached XP level 1. HP: 19/19 MP: 0/0
    98 | D:1      | Reached XP level 2. HP: 21/27 MP: 1/1
   209 | D:1      | Reached XP level 3. HP: 30/33 MP: 2/2
  1079 | D:2      | Found a radiant altar of Vehumet.
  1159 | D:2      | Reached skill level 1 in Dodging
  1511 | D:3      | Reached XP level 4. HP: 30/40 MP: 3/3
  1994 | D:3      | Noticed Terence
  2011 | D:3      | Killed Terence
  2011 | D:3      | Reached skill level 3 in Long Blades
  2054 | D:3      | Reached XP level 5. HP: 36/46 MP: 4/4
  2060 | D:3      | Found a shimmering altar of Xom.
  2061 | D:3      | Noticed an angel
  2062 | D:3      | Found a glowing silver altar of Zin.
  2092 | D:3      | Noticed Ijyb
  2122 | D:3      | Killed Ijyb
  2122 | D:3      | Reached skill level 5 in Armour
  2275 | D:3      | Found a hazy altar of Hepliaklqana.
  2356 | D:3      | Reached skill level 5 in Shields
  2462 | D:3      | Noticed Natasha
  2476 | D:3      | Killed Natasha
  2476 | D:3      | Reached skill level 4 in Long Blades
  2728 | D:3      | Noticed Natasha
  2736 | D:3      | Killed Natasha
  2826 | D:3      | Noticed Natasha
  2837 | D:3      | Killed Natasha
  2837 | D:3      | Reached XP level 6. HP: 36/53 MP: 5/5
  3019 | D:4      | Reached skill level 5 in Long Blades
  3044 | D:4      | Found a sparkling altar of Nemelex Xobeh.
  3097 | D:4      | Found Oxyeshry's Antique Armour Shoppe.
  3105 | D:4      | Bought a polished buckler for 199 gold pieces
  3118 | D:4      | Identified the +3 buckler "Celied" {MR+ rCorr MP+9} (You
                  | bought it in a shop on level 4 of the Dungeon)
  3444 | D:5      | Entered Level 5 of the Dungeon
  3463 | D:5      | Found a radiant altar of Vehumet.
  3494 | D:5      | Reached XP level 7. HP: 50/60 MP: 6/6
  3520 | D:5      | Reached skill level 6 in Long Blades
  3552 | D:5      | Killed from afar by an orc priest

Skill      XL: |  1  2  3  4  5  6  7 |
---------------+----------------------+-----
Armour         | 4 5 |  5.5
Shields        | 4 5 |  5.8
Fighting       | 4 |  4.7
Dodging        | 1 |  1.9
Long Blades    | 3 4 5 6 |  6.1

Action                   |  1- 3 |  4- 6 |  7- 9 || total
-------------------------+-------+-------+-------++-------
Melee: Long sword        |   106 |   178 |    17 ||   301
       Headbutt          |    12 |    30 |     1 ||    43
  Use: Scroll            |       |     6 |       ||     6
  Eat: Chunk             |     1 |     8 |       ||     9
Armor: Scale mail        |    47 |       |       ||    47
       Chain mail        |    56 |    60 |       ||   116
       Plate armour      |       |    23 |     7 ||    30
Dodge: Dodged            |    52 |    34 |     4 ||    90
Block: Shield            |    89 |   100 |       ||   189
       Buckler           |       |    11 |    10 ||    21
       Rpst.: Long sword |    14 |     6 |     1 ||    21
